 Dungeon Crawl Stone Soup version 0.20.1-1-g8b1a95d (webtiles) character file.

81 Ladykiller69 the Chucker (level 4, 0/42 HPs)
             Began as a Troll Hunter on July 23, 2017.
             Was an Initiate of Ru.
             Killed by divine providence
             ... invoked by an orc priest
              (13 damage)
             ... on level 3 of the Dungeon.
             The game lasted 00:03:49 (1916 turns).

Ladykiller69 the Chucker (Troll Hunter)             Turns: 1916, Time: 00:03:50

Health: 0/42       AC:  5    Str: 20    XL:     4   Next: 20%
Magic:  3/3        EV: 10    Int:  7    God:    Ru [......]
Gold:   142        SH:  0    Dex: 11    Spells: 3/3 levels left

rFire    . . .     SeeInvis .     - Unarmed
rCold    . . .     Gourm    +   (no shield)
rNeg     . . .     Faith    .   b - +0 robe
rPois    .         Spirit   .   (helmet restricted)
rElec    .         Reflect  .   (no cloak)
rCorr    .         Harm     .   (gloves unavailable)
MR       .....                  (boots unavailable)
Stlth    +.........             (no amulet)
Regen    0.6/turn               (no ring)
MPRegen  0.1/turn               (no ring)

@: slowed, very slow
A: unfitting armour, claws 3, fast metabolism 3, gourmand, regeneration 1,
shaggy fur 1, tough skin 2
a: Renounce Religion


You were on level 3 of the Dungeon.
You worshipped Ru.
Ru was noncommittal.
You were very full.

You visited 1 branch of the dungeon, and saw 3 of its levels.

You collected 142 gold pieces.

Inventory:

Missiles
 c - 5 large rocks
 d - 2 throwing nets
 k - 86 stones (quivered)
 l - 21 poisoned needles
Armour
 b - a +0 robe (worn)
Wands
 m - a wand of flame (34/48)
Scrolls
 e - 3 scrolls of identify {unknown}
 p - a scroll of enchant weapon {unknown}
 r - a scroll of random uselessness {unknown}
 t - a scroll of fog {unknown}
Potions
 a - a potion of invisibility {unknown}
 h - a potion of curing {unknown}
 i - 2 potions of heal wounds {unknown}
 n - a potion of haste {unknown}
 q - a potion of flight {unknown}
 s - 2 potions of might {unknown}
 u - a potion of mutation {unknown}
 v - a potion of resistance {unknown}
Comestibles
 f - 4 bread rations
 g - 3 fruits
 j - a royal jelly
 o - 3 meat rations


   Skills:
 + Level 2.1 Fighting
 + Level 4.0 Throwing
 + Level 2.0 Dodging
 - Level 0.3 Stealth
 * Level 2.4 Unarmed Combat


You had 3 spell levels left.
You didn't know any spells.

Dungeon Overview and Level Annotations

Branches:
Dungeon (3/15)

Altars:
Ru
The Shining One


Innate Abilities, Weirdness & Mutations

You are too large for most types of armour.
You have claws for hands.
Your metabolism is lightning-fast.
You like to eat raw meat.
Your natural rate of healing is unusually fast.
You are covered in fur. (AC +1)
You have very tough skin. (AC +2)


Message History

The orc barely misses you. The orc wizard hits you with a dagger.
You barely miss the orc wizard.
The orc wizard is severely wounded.
The orc wizard hits you with a dagger. The orc closely misses you.
The orc wizard hits you but does no damage.
You claw the orc wizard!
You kill the orc wizard!
Your Throwing skill increases to level 4!
Your Dodging skill increases to level 2!
You have reached level 4!
The orc priest mumbles some strange prayers to Beogh against you.
Beogh smites you!
* * * LOW HITPOINT WARNING * * *
The orc closely misses you. The orc hits you but does no damage.
Things that are here:
a dagger; a runed robe The orc priest mumbles some strange prayers to Beogh against you.
Beogh smites you!
You die...

###### .....# ####.#
##.# #..# #.## #)#
#############.. #)#
#...@o)oo(o(... #)##+##
#.#############
###.#...#####.##########
....#...+.....#.........
.##.....#####.>.........
.##.............########
...............##
###.##########.####### #
#..................#


You could see an orc priest and 3 orcs.

Vanquished Creatures
  An orc wizard (D:3)
  2 adders
  A dart slug (D:2)
  3 orcs (D:3)
  2 giant cockroaches
  5 goblins
  3 hobgoblins
  8 kobolds
  2 bats
  2 frilled lizards (D:2)
  3 rats
32 creatures vanquished.

Notes
Turn   | Place    | Note
-------+----------+-------------------------------------------
     0 | D:1      | Ladykiller69 the Troll Hunter began the quest for the Orb.
     0 | D:1      | Reached XP level 1. HP: 19/19 MP: 0/0
   421 | D:1      | Reached skill level 1 in Unarmed Combat
   454 | D:1      | Reached XP level 2. HP: 24/28 MP: 1/1
   933 | D:2      | Found a glowing golden altar of the Shining One.
  1182 | D:2      | Reached XP level 3. HP: 33/35 MP: 2/2
  1334 | D:2      | Found a sacrificial altar of Ru.
  1540 | D:2      | Became a worshipper of Ru the Awakened
  1578 | D:3      | Found a faded altar of an unknown god.
  1913 | D:3      | Reached skill level 4 in Throwing
  1913 | D:3      | Reached XP level 4. HP: 27/42 MP: 3/3
  1916 | D:3      | Killed from afar by an orc priest

Skill      XL: |  1  2  3 |
---------------+----------+-----
Unarmed Combat | 1 2 |  2.4
Fighting       | 2 |  2.1
Throwing       | 4 |  4.0
Dodging        | 2 |  2.0
Stealth        | |  0.3

Action                   |  1- 3 |  4- 6 || total
-------------------------+-------+-------++-------
Melee: Unarmed           |   105 |       ||   105
       Punch             |     2 |       ||     2
Throw: Stone             |    16 |       ||    16
  Eat: Chunk             |    22 |       ||    22
Armor: Robe              |    23 |       ||    23
Dodge: Dodged            |    46 |     1 ||    47
